 Dungeon Crawl Stone Soup version 0.32-a0-928-g1cae6b7ea0 (webtiles) character file.

Game seed: 4885669545960489103

377 Mgcat the Chopper (level 6, -4/48 HPs)
             Began as a Coglin Fighter on Apr 12, 2024.
             Slain by a river rat (6 damage)
             ... summoned by Eustachio
             ... on level 4 of the Dungeon.
             The game lasted 00:04:49 (2091 turns).

Mgcat the Chopper (Coglin Fighter)                  Turns: 2091, Time: 00:04:50

Health: -4/48      AC:  8    Str: 19      XL:     6   Next: 73%
Magic:  6/6        EV:  8    Int:  7      God:
Gold:   164        SH:  0    Dex: 12 (13) Spells: 5/5 levels left

rFire   . . .        a - +0 war axe {Eiko}
rCold   . . .        (no shield)
rNeg    . . .        b - +0 scale mail
rPois   .            m - +0 helmet
rElec   .            (no cloak)
rCorr   .            (no gloves)
SInv    .            (no boots)
Will    .....        (amulet unavailable) Stlth
                     (ring unavailable)
HPRegen 0.28/turn    (ring unavailable)
MPRegen 0.10/turn    (no gizmo)

%: no passive effects
@: hasted, revved, very quick
A: off-hand wielding, slow wielding, warmup strikes, no jewellery
a: Invent Gizmo


You were on level 4 of the Dungeon.
You visited 1 branch of the dungeon, and saw 4 of its levels.

You collected 164 gold pieces.

Inventory:

Hand Weapons
 a - a +0 war axe (weapon) {Eiko}
 d - a +6 dagger of freezing
   (You took it off a wight on level 4 of the Dungeon)
 g - a +2 short sword {Ekveer}
   (You took it off a wight on level 3 of the Dungeon)
 h - a +0 mace {Wenzel}
   (You found it on level 1 of the Dungeon)
Armour
 b - a +0 scale mail (worn)
 m - a +0 helmet (worn)
   (You found it on level 1 of the Dungeon)
Scrolls
 c - a scroll of blinking {unknown}
 e - a scroll of enchant weapon {unknown}
 l - 2 scrolls of identify {unknown}
 n - a scroll of teleportation {unknown}
 p - a scroll of fear {unknown}
 q - a scroll of enchant armour {unknown}
 r - a scroll of immolation {unknown}
Potions
 f - a potion of brilliance
 i - a potion of magic {unknown}
 j - a potion of ambrosia {unknown}
 k - a potion of attraction {!q}
 o - a potion of haste


   Skills:
 + Level 4.2 Fighting
 * Level 4.5 Axes
 + Level 3.8 Armour
 + Level 3.1 Shields


You had 5 spell levels left.
You didn't know any spells.
Your spell library contained the following spells:

 Spells                   Type           Power      Damage    Failure   Level
 Lesser Beckoning         Tloc           0%         N/A       90%         2
 Maxwell's Portable Pile  Tloc           0%         2d(5-13)  99%         3
 Sigil of Binding         Hex            0%         N/A       99%         3
 Teleport Other           Tloc           0%         N/A       99%         3
 Death Channel            Necr           0%         N/A       100%        6
 Sculpt Simulacrum        Ice/Alch       0%         N/A       100%        6


Dungeon Overview and Level Annotations

Branches:
Dungeon (4/15)
 Temple: D:4-7

Altars:

Annotations:
D:4 Eustachio, Ijyb


Innate Abilities, Weirdness & Mutations

You can wield a second weapon in your off-hand.
It takes a long time for you to wield or remove held weapons.
Your first few attacks do less damage.
You cannot equip rings or amulets.


Message History

Eustachio casts a spell.
Lua error: [string "/dgldir/rcfiles/crawl-git/Mgcat.rc"]:930: invalid capture index Lua error: [string "/dgldir/rcfiles/crawl-git/Mgcat.rc"]:930: invalid capture index
Okay, then.
Lua error: [string "/dgldir/rcfiles/crawl-git/Mgcat.rc"]:930: invalid capture index Unknown command.
Warning x3: The white imp (summoned) can cast Throw Frost! x2
Eustachio can summon minor creatures and blink!
Unknown command.
Lua error: [string "/dgldir/rcfiles/crawl-git/Mgcat.rc"]:930: invalid capture index You miss Eustachio.
Eustachio is lightly wounded.
You barely miss the quasit. You closely miss the white imp.
The quasit barely misses you. x2; The quasit closely misses you.
The white imp hits you but does no damage.
Eustachio mumbles some strange words.
The quasit barely misses you.
The quasit claws you but does no damage. x2
Warning x3: The white imp (summoned) can cast Throw Frost! x2
Eustachio can summon minor creatures and blink!
Unknown command.
Lua error: [string "/dgldir/rcfiles/crawl-git/Mgcat.rc"]:930: invalid capture index Unknown command.
Lua error: [string "/dgldir/rcfiles/crawl-git/Mgcat.rc"]:930: invalid capture index Unknown command.
Lua error: [string "/dgldir/rcfiles/crawl-git/Mgcat.rc"]:930: invalid capture index Unknown command.
Warning x3: The white imp (summoned) can cast Throw Frost! x2
Eustachio can summon minor creatures and blink!
You barely miss Eustachio.
Eustachio is lightly wounded.
You barely miss the white imp. x2; You barely miss the river rat.
You closely miss the quasit. The white imp gestures at you.
The puff of frost hits you.
Eustachio hits you with a +3 rapier of distortion.
Space warps around you. The quasit bites you.
The quasit claws you but does no damage.
The quasit completely misses you. The white imp gestures at you.
The puff of frost hits you.
* * * LOW HITPOINT WARNING * * *
The river rat bites you but does no damage.
You take 18 damage, and have 12/48 hp.
MASSIVE DAMAGE!!
Warning x3: The white imp (summoned) can cast Throw Frost! x2
Eustachio can summon minor creatures and blink!
Unknown command.
Lua error: [string "/dgldir/rcfiles/crawl-git/Mgcat.rc"]:930: invalid capture index Unknown command.
Lua error: [string "/dgldir/rcfiles/crawl-git/Mgcat.rc"]:930: invalid capture index Unknown command.
Lua error: [string "/dgldir/rcfiles/crawl-git/Mgcat.rc"]:930: invalid capture index Unknown command.
Warning x3: The white imp (summoned) can cast Throw Frost! x2
Eustachio can summon minor creatures and blink!
You barely miss Eustachio.
Eustachio is lightly wounded.
You hit the white imp. You slash the white imp!
You kill the white imp!
The white imp disappears in a puff of smoke!
You hit the river rat but do no damage. You closely miss the quasit.
The bat hits you but does no damage. The quasit barely misses you.
The quasit claws you.
* * * LOW HITPOINT WARNING * * *
You feel clumsy.
The quasit claws you but does no damage.
The white imp barely misses you. Eustachio misses you. The river rat bites you.
* * * LOW HITPOINT WARNING * * *
The quasit bites you but does no damage.
The quasit claws you but does no damage.
The quasit claws you.
* * * LOW HITPOINT WARNING * * *
Unknown command.
You take 5 damage, and have 7/48 hp.
Warning x2: The white imp (summoned) can cast Throw Frost!
Eustachio can summon minor creatures and blink!
Unknown command.
Lua error: [string "/dgldir/rcfiles/crawl-git/Mgcat.rc"]:930: invalid capture index Unknown command.
Lua error: [string "/dgldir/rcfiles/crawl-git/Mgcat.rc"]:930: invalid capture index
Okay, then.
Lua error: [string "/dgldir/rcfiles/crawl-git/Mgcat.rc"]:930: invalid capture index Unknown command.
Warning x2: The white imp (summoned) can cast Throw Frost!
Eustachio can summon minor creatures and blink!
Unknown command.
Lua error: [string "/dgldir/rcfiles/crawl-git/Mgcat.rc"]:930: invalid capture index Unknown command.
Lua error: [string "/dgldir/rcfiles/crawl-git/Mgcat.rc"]:930: invalid capture index Unknown command.
Lua error: [string "/dgldir/rcfiles/crawl-git/Mgcat.rc"]:930: invalid capture index Unknown command.
Warning x2: The white imp (summoned) can cast Throw Frost!
Eustachio can summon minor creatures and blink!
Unknown command.
Lua error: [string "/dgldir/rcfiles/crawl-git/Mgcat.rc"]:930: invalid capture index Unknown command.
Lua error: [string "/dgldir/rcfiles/crawl-git/Mgcat.rc"]:930: invalid capture index
Okay, then.
Lua error: [string "/dgldir/rcfiles/crawl-git/Mgcat.rc"]:930: invalid capture index Unknown command.
Warning x2: The white imp (summoned) can cast Throw Frost!
Eustachio can summon minor creatures and blink!
It was a potion of haste.
You feel yourself speed up.
The white imp hits you but does no damage.
Eustachio hits you with a +3 rapier of distortion.
* * * LOW HITPOINT WARNING * * *
The bat closely misses you. The river rat bites you.
You die...

#.#### ###.#..# ###
#......##..##..
##.....#.......
###....[.........
#####....<###........
##..#r.....#....##....
#...#5@...[#..#..#....
#...r@5............. #
##...#b..........#..
#....#..#........#..##
#...............?...##
#......................
........####......####.#.
.......... ........##...#
#.......$..........##...<#
.#..............##.....#..


You could see Eustachio, a quasit (summoned), 2 river rats, a white imp
(summoned) and a bat (summoned).

Vanquished Creatures
  4 wights
  A hound (D:3)
  An orc wizard (D:3)
  4 gnolls (D:3)
  2 dart slugs (D:1)
  A ribbon worm (D:2)
  3 bats (D:1)
  4 endoplasms
  4 giant cockroaches
  9 goblins
  7 hobgoblins
  5 jackals (D:3)
  7 kobolds
  3 quokkas
  3 ball pythons
  6 frilled lizards
  6 rats
70 creatures vanquished.

Notes
Turn   | Place    | Note
-------+----------+-------------------------------------------
     0 | D:1      | Mgcat the Coglin Fighter began the quest for the Orb.
     0 | D:1      | Reached XP level 1. HP: 18/18 MP: 1/1
    70 | D:1      | Reached XP level 2. HP: 17/24 MP: 2/2
   349 | D:1      | Reached XP level 3. HP: 29/29 MP: 3/3
   413 | D:1      | Reached skill level 3 in Armour
   870 | D:2      | Reached skill level 3 in Axes
   876 | D:2      | Reached XP level 4. HP: 32/35 MP: 4/4
  1597 | D:4      | Noticed Eustachio
  1634 | D:4      | Noticed Ijyb
  1648 | D:3      | Reached XP level 5. HP: 16/42 MP: 5/5
  1648 | D:3      | HP: 5/42 [something/magic dart (11)]
  1792 | D:4      | Reached skill level 4 in Axes
  1825 | D:3      | Reached skill level 4 in Fighting
  1825 | D:3      | Reached skill level 3 in Shields
  1825 | D:3      | Reached XP level 6. HP: 44/48 MP: 6/6
  2089 | D:4      | HP: 12/48 [white imp/puff of frost[Eustachio] (4)]
  2091 | D:4      | HP: 2/48 [Eustachio/+3 rapier of distortion (5)]
  2091 | D:4      | Slain by a river rat

Illustrated notes

Levels and vault maps discovered:
D:1:      minmay_arrival_jagged, layout_rooms
D:2:      layout_rooms, guppyfry_early_lair_pool
D:3:      layout_rooms
D:4:      layout_cave_pools, gammafunk_ghost_abyssal_escape, serial_shops, shop,
          uniq_eustachio, uniq_ijyb

Skill      XL: |  1  2  3  4  5 |
---------------+----------------+-----
Armour         | 3 |  3.8
Axes           | 3 4 |  4.5
Fighting       | 4 |  4.2
Shields        | 3 |  3.1

Action                     |  1- 3 |  4- 6 || total
---------------------------+-------+-------++-------
  Melee: War axe           |    90 |    67 ||   157
         Mace              |    48 |    52 ||   100
         Short sword       |       |     7 ||     7
    Use: Potion            |       |     6 ||     6
 Armour: Scale mail        |    83 |    90 ||   173
  Dodge: Dodged            |    53 |    59 ||   112
  Block: Buckler           |     8 |       ||     8

Table legend: (Time is in decaauts)
 A = Elapsed time spent in this place.
 B = Non-inter-level travel time spent in this place.
 C = Inter-level travel time spent in this place.
 D = Time resting spent in this place.
 E = Time spent auto-exploring this place.
 F = Levels seen in this place.
 G = Mean time per level.
                   A        B        C        D        E       F      G
               +--------+--------+--------+--------+--------+-----+--------+
         Total |   2153 |   2007 |    146 |    375 |   1070 |   4 |  538.2 |
       Dungeon |   2153 |   2007 |    146 |    375 |   1070 |   4 |  538.2 |
               +--------+--------+--------+--------+--------+-----+--------+

Top non-repeatable levels by time:
     D:3: 984 daAuts
     D:1: 572 daAuts
     D:2: 492 daAuts
     D:4: 104 daAuts

Levels and vault maps discovered:
D:1:      minmay_arrival_jagged, layout_rooms
D:2:      layout_rooms, guppyfry_early_lair_pool
D:3:      layout_rooms
D:4:      layout_cave_pools, gammafunk_ghost_abyssal_escape, serial_shops, shop,
          uniq_eustachio, uniq_ijyb

Table legend: (Time is in decaauts)
 A = Elapsed time spent in this place.
 B = Non-inter-level travel time spent in this place.
 C = Inter-level travel time spent in this place.
 D = Time resting spent in this place.
 E = Time spent auto-exploring this place.
 F = Levels seen in this place.
 G = Mean time per level.
                   A        B        C        D        E       F      G
               +--------+--------+--------+--------+--------+-----+--------+
         Total |   2153 |   2007 |    146 |    375 |   1070 |   4 |  538.2 |
       Dungeon |   2153 |   2007 |    146 |    375 |   1070 |   4 |  538.2 |
               +--------+--------+--------+--------+--------+-----+--------+

Top non-repeatable levels by time:
     D:3: 984 daAuts
     D:1: 572 daAuts
     D:2: 492 daAuts
     D:4: 104 daAuts

Table legend:
 A = Kills in this place as a percentage of kills in the entire game.
 B = Kills by you in this place as a percentage of kills by you in the entire game.
 C = Kills by friends in this place as a percentage of kills by friends in the entire game.
 D = Other kills in this place as a percentage of other kills in the entire game.
 E = Experience gained in this place as a percentage of experience gained in the entire game.
 F = Experience gained in this place divided by the number of levels of this place that you have seen.
                   A       B       C       D       E      F
               +-------+-------+-------+-------+-------+----------------------
         Total | 100.0 | 100.0 |   N/A |   N/A | 100.0 | 134.8
       Dungeon | 100.0 | 100.0 |   N/A |   N/A | 100.0 | 134.8
               +-------+-------+-------+-------+-------+----------------------
